 Dungeon Crawl Stone Soup version 0.23.2 (webtiles) character file.

Game seed: 9127512675319326786

106 Marnok the Twirler (level 4, -4/34 HPs)
             Began as a Demonspawn Gladiator on Apr 3, 2019.
             Slain by an orc priest
             ... wielding a +0 trident
              (6 damage)
             ... on level 3 of the Dungeon.
             The game lasted 00:03:58 (1463 turns).

Marnok the Twirler (Demonspawn Gladiator)           Turns: 1463, Time: 00:03:59

Health: -4/34      AC:  5    Str: 15    XL:     4   Next: 55%
Magic:  4/4        EV: 13    Int:  9    God:
Gold:   100        SH:  0    Dex: 15    Spells: 3/3 levels left

rFire    . . .     SeeInvis .   a - +1 quarterstaff
rCold    . . .     Gourm    .   (shield currently unavailable)
rNeg     . . .     Faith    .   b - +0 leather armour
rPois    .         Spirit   .   c - +1 helmet
rElec    .         Reflect  .   (no cloak)
rCorr    .         Harm     .   (no gloves)
MR       .....                  (no boots)
Stlth    +.........             (no amulet)
HPRegen  0.11/turn              (no ring)
MPRegen  0.09/turn              (no ring)

@: no status effects
A: spiny 1
a: no special abilities


You were on level 3 of the Dungeon.
You were not hungry.

You visited 1 branch of the dungeon, and saw 3 of its levels.

You collected 100 gold pieces.

Inventory:

Hand Weapons
 a - a +1 quarterstaff (weapon)
 o - a +1 short sword of draining
Missiles
 d - 3 throwing nets (quivered)
Armour
 b - a +0 leather armour (worn)
 c - a +1 helmet (worn)
Scrolls
 e - a scroll of magic mapping
 g - 2 scrolls of immolation
 j - a scroll of teleportation
Potions
 h - 2 potions of mutation {unknown}
 i - 6 potions of curing
 l - a potion of haste {unknown}
 q - a potion of might {unknown}
Comestibles
 f - 4 rations


   Skills:
 + Level 2.5 Fighting
 + Level 3.7 Staves
 + Level 1.9 Throwing
 + Level 1.3 Armour
 + Level 3.2 Dodging
 + Level 0.6 Stealth


You had 3 spell levels left.
You didn't know any spells.
Your spell library was empty.

Dungeon Overview and Level Annotations

Branches:
Dungeon (3/15)

Altars:
Elyvilon
Hepliaklqana


Innate Abilities, Weirdness & Mutations

You are partially covered in sharp spines.


Message History

The orc priest mumbles some strange prayers to Beogh against you.
Beogh smites you!
You hit the orc.
The orc is severely wounded.
The orc closely misses you. The orc priest barely misses you.
You sock the orc!
You kill the orc!
The orc priest barely misses you. 2 orcs and an orc priest come into view.
The orc shouts! x2; The orc priest shouts!
The orc priest hits you with a +0 trident.
You hear a shout!
Items here: )) [ † a +0 club; a +0 short sword; a +0 ring mail; an orc corpse You barely miss the orc priest.
The orc priest invokes the aid of Beogh against you.
Beogh smites you!
* * * LOW HITPOINT WARNING * * *
The orc priest hits you with a +0 trident.
You die...

*≈***,,,,,,,,,**,*,* *****,,,,,,,
*≈*,*,,,,,,,,,**,#.# *,,,,,,,,,,,
*≈*,***,,,,,,,**,..# *,,,,,,,,,,,
*≈*,,,,,,,,,,****..# *,,,,,,,,,,,
*≈*,***,,,,,,* *o.# *,,,,,,,,,,,
*≈*,*,,,,,,,,* *o.# *,,,,,,,,,,,
*≈***,,#+***** *o.###..,,,,,,,,,
,,,,,,,#.########o......,,,,,,,,,
**,*,*,#........@.......,,,,,,,,,
*,*,*,#.##.#####.......,,,,,,,,,
*,*,*,*,#..#####.......,,,,,,,,,
**,*,#.#.#..#......#+#..,,,,,,,,,
,,,*,#.#.#.........#,**#****,,,,,
**,*,#.#.#..##.###>#,* *,,,*,,,,,
,*,#.#.#.#...#,..,.#+***,,,*,,,,,
,+,#.#.#.#...#,,....,,,,,,,*,,,,,
,*,#.#.#.#...#,,,..,,,,,,,,*,,,,,


You could see 2 orc priests and 2 orcs.

Vanquished Creatures
  An orc priest (D:3)
  2 adders (D:2)
  An ooze (D:1)
  2 dart slugs (D:2)
  3 leopard geckos
  4 orcs (D:3)
  A ball python (D:1)
  4 giant cockroaches
  4 goblins
  4 hobgoblins
  5 bats
  3 frilled lizards
  8 kobolds (D:1)
  4 rats
46 creatures vanquished.

Notes
Turn   | Place    | Note
-------+----------+-------------------------------------------
     0 | D:1      | Marnok the Demonspawn Gladiator began the quest for the
                  | Orb.
     0 | D:1      | Reached XP level 1. HP: 16/16 MP: 1/1
   267 | D:1      | Gained mutation: You are partially covered in sharp spines.
                  | [demonic ancestry]
   267 | D:1      | Reached XP level 2. HP: 22/22 MP: 2/2
   713 | D:1      | Reached XP level 3. HP: 27/27 MP: 3/3
   830 | D:2      | Found a hazy altar of Hepliaklqana.
  1008 | D:2      | Found a white marble altar of Elyvilon.
  1290 | D:2      | Reached skill level 1 in Armour
  1379 | D:2      | Reached XP level 4. HP: 33/34 MP: 4/4
  1463 | D:3      | Slain by an orc priest

Skill      XL: |  1  2  3 |
---------------+----------+-----
Staves         | 3 |  3.7
Dodging        | 3 |  3.2
Armour         | 1 |  1.3
Fighting       | |  2.5
Throwing       | |  1.9
Stealth        | |  0.6

Action                   |  1- 3 |  4- 6 || total
-------------------------+-------+-------++-------
Melee: Quarterstaff      |    90 |    13 ||   103
  Use: Scroll            |       |     8 ||     8
 Stab: Sleeping          |     2 |       ||     2
  Eat: Chunk             |     2 |       ||     2
Armor: Leather armour    |    20 |     2 ||    22
Dodge: Dodged            |    66 |     7 ||    73
